 Dungeon Crawl Stone Soup version 0.26-a0-690-gcb57259078 (webtiles) character file.

Game seed: 16161951525729538628

64029 marklar909 the Geomancer (level 15, -1/114 HPs)
             Began as a Formicid Earth Elementalist on Oct 23, 2020.
             Was a High Priest of the Shining One.
             Slain by Snorg (6 damage)
             ... on level 1 of the Orcish Mines.
             The game lasted 00:51:32 (28638 turns).

marklar909 the Geomancer (FoEE)                    Turns: 28638, Time: 00:51:33

Health: -1/114     AC: 24    Str: 22    XL:     15   Next: 52%
Magic:  9/29       EV: 12    Int: 22    God:    the Shining One [*****.]
Gold:   2075       SH: 19    Dex: 11    Spells: 19/35 levels left

rFire    + + .     SeeInvis +   B - +11 lance "Wyrmbane" {slay drac, rPois rF+ rC+ AC+3}
rCold    + . .     Faith    .   s - +1 tower shield {AC+3}
rNeg     + + .     Spirit   .   o - +2 ring mail of Pynn {rF+ Str+5 Int+5}
rPois    +         Reflect  .   (helmet unavailable)
rElec    .         Harm     .   E - +0 cloak
rCorr    +         Rampage  .   x - +1 pair of gloves
MR       +....                  w - +1 pair of boots
Stlth    +.........             i - amulet of regeneration
HPRegen  0.69/turn              f - ring of resist corrosion
MPRegen  0.21/turn              k - +4 ring of protection

@: frozen ramparts, glowing
A: permanent stasis, dig shafts and tunnels, four strong arms, antennae 3
a: Dig, Shaft Self, Divine Shield, Cleansing Flame, Summon Divine Warrior,
Renounce Religion


You were on level 1 of the Orcish Mines.
You worshipped the Shining One.
The Shining One was extremely pleased with you.
You visited 4 branches of the dungeon, and saw 20 of its levels.
You also visited: Sewer and Bailey.

You collected 2159 gold pieces.
You spent 84 gold pieces at shops.

Inventory:

Hand Weapons
 B - the +11 lance "Wyrmbane" (weapon) {slay drac, rPois rF+ rC+ AC+3}
   (You took it off Maggie on level 6 of the Dungeon)

   It affects your AC (+3).
   It protects you from fire.
   It protects you from cold.
   It protects you from poison.
Missiles
 J - 300 stones (quivered)
 L - 10 javelins
Armour
 o - the +2 ring mail of Pynn (worn) {rF+ Str+5 Int+5}
   (You found it on level 4 of the Dungeon)

   It affects your strength (+5).
   It affects your intelligence (+5).
   It protects you from fire.
 s - a +1 tower shield of protection (worn)
 w - a +1 pair of boots (worn)
 x - a +1 pair of gloves (worn)
 E - a +0 cloak (worn)
 M - +0 swamp dragon scales
Jewellery
 c - an uncursed ring of protection from fire
 f - a ring of resist corrosion (left hand)
 i - an amulet of regeneration (around neck)
 k - a +4 ring of protection (right hand)
 q - an uncursed ring of ice
 G - an uncursed amulet of guardian spirit
 R - an uncursed ring of poison resistance
Wands
 b - a wand of flame (20)
 y - a wand of paralysis (18)
 A - a wand of iceblast (35)
 F - a wand of acid (10)
Scrolls
 a - 10 scrolls of remove curse
 n - 2 scrolls of fear
 p - a scroll of magic mapping
 D - 3 scrolls of amnesia
 H - 6 scrolls of enchant weapon
 K - 3 scrolls of fog
 P - a scroll of acquirement
Potions
 d - 3 potions of magic
 e - 4 potions of flight
 g - 3 potions of mutation
 j - 4 potions of heal wounds
 l - 3 potions of might
 m - a potion of cancellation
 r - 8 potions of curing
 u - 4 potions of brilliance
 v - 4 potions of lignification
 I - 2 potions of ambrosia
 N - a potion of berserk rage
Miscellaneous
 t - a lightning rod (4/4)
 z - a tin of tremorstones (3/3)


   Skills:
 * Level 9.4 Fighting
   Level 3.5(7.9) Axes
 + Level 10.9(11.1) Polearms
 + Level 7.6 Armour
 + Level 6.0 Dodging
 + Level 4.8 Stealth
 + Level 11.3 Shields
 + Level 10.5 Spellcasting
 + Level 7.2 Conjurations
 * Level 5.7 Transmutations
 + Level 5.3 Ice Magic
 + Level 11.4 Earth Magic
 + Level 2.0 Evocations


You had 19 spell levels left.
You knew the following spells:

 Your Spells              Type           Power        Failure   Level
a - Sandblast             Erth           ######       1%          1
b - Stone Arrow           Conj/Erth      ######       1%          3
c - Petrify               Tmut/Erth      #####...     5%          4
d - Lee's Rapid Deconstr  Erth           ######....   4%          5
e - Frozen Ramparts       Ice            #####.       6%          3

Your spell library contained the following spells:

 Spells                   Type           Power        Failure   Level
 Beastly Appendage        Tmut           #####.       1%          1
 Freeze                   Ice            ####         1%          1
 Passwall                 Tmut/Erth      #####...     1%          2
 Wereblood                Tmut           #####...     2%          2
 Ozocubu's Armour         Ice            #####...     6%          3
 Hailstorm                Conj/Ice       #####...     14%         4
 Spider Form              Tmut/Pois      ###.......   17%         3
 Animate Skeleton         Necr           ##....       19%         1
 Apportation              Tloc           ##....       19%         1
 Corona                   Hex            ##.....      19%         1
 Summon Small Mammal      Summ           ##..         19%         1
 Ice Form                 Ice/Tmut       #####...     19%         4
 Call Imp                 Summ           ##......     28%         2
 Blade Hands              Tmut           #####.....   43%         5
 Call Canine Familiar     Summ           ##......     50%         3
 Summon Guardian Golem    Hex/Summ       ##......     50%         3
 Summon Ice Beast         Ice/Summ       ###.....     54%         4
 Summon Lightning Spire   Summ/Air       ##......     88%         4


Dungeon Overview and Level Annotations

Branches:
Dungeon (12/15)            Temple (1/1) D:7            Lair (6/6) D:10
  Swamp (0/4) Lair:3       Spider (0/4) Lair:4        Slime (0/5) Lair:5
    Orc (1/2) D:12          Sewer (visited)          Bailey (visited)

Altars:
Ashenzari
Cheibriados
Dithmenos
Elyvilon
Fedhas
Gozag
Hepliaklqana
Kikubaaqudgha
Makhleb
Nemelex Xobeh
Okawaru
Qazlal
Ru
Sif Muna
Trog
Uskayaw
Vehumet
Wu Jian
Xom
Yredelemnul
Zin
The Shining One

Shops:
D:4 :*   D:6 *   D:11 *   Orc:1 (

Portals:
Trove: D:12 (give +7 demon whip)

Annotations:
D:12 2 transporters, Enluruva's ghost, journeyman SpVM
Lair:6 3 runed translucent doors, ArthosElwyn's ghost, journeyman HOBe; jiml777's ghost, journeyman DEAE
Orc:1 Snorg


Innate Abilities, Weirdness & Mutations

You cannot be hasted, slowed, berserked, paralysed or teleported.
You can dig through walls and to a lower floor.
Your four strong arms can wield two-handed weapons with a shield.
You have a pair of large antennae on your head. (SInv)


Message History

Snorg completely misses you. You block Snorg's attack.
Unknown command.
Unknown command.
Casting: Stone Arrow (safe; 1% risk of failure)
Confirm with . or Enter, or press ? or * to list all spells.
Aiming: Stone Arrow (safe; 1% risk of failure)
Press: ? - help, Shift-Dir - straight line, f/p - Snorg
Aim: Snorg (almost dead, berserk, haloed)
The stone arrow misses Snorg.
The stone arrow hits the chaos spawn!!
You kill the chaos spawn!
The chaos spawn degenerates into a cloud of primal chaos!
The wall freezes the troll.
You block the troll's attack. x3
The orc high priest prays to Beogh.
The orc high priest is healed somewhat.
The wall freezes the hellwing!
The hellwing hits you!
* * * LOW HITPOINT WARNING * * *
The hellwing hits you.
* * * LOW HITPOINT WARNING * * *
The wall freezes Snorg.
Snorg bites you but does no damage. Snorg claws you.
You die...

####.#.#####
##.#......#..
##...#.#......
#...######.#.. ##.##
##.####
##..####....#.
####....##...≈≈≈.
##4#....###..≈≈≈≈≈
#@T§#{..##.#.≈≈∩..
##T.o>.......≈≈≈≈≈
##.oo........≈≈≈.
###.............
###....#......
##............
###o..#.........
#)o.............
...>).(..{...........


You could see Snorg (berserk), an orc high priest, a hellwing (summoned), a
troll, an orc warrior and an orc priest.

Vanquished Creatures
  Gastronok (D:9)
  An orc warlord (D:12)
  Nessos (Lair:4)
  2 fire dragons (Lair:6)
  Fannar (Lair:3)
  10 hydras
  Harold (D:7)
  3 catoblepae
  3 two-headed ogres
  6 death yaks (Lair:3)
  Nergalle (Lair:3)
  2 unseen horrors
  Pikel (D:7)
  3 orc knights
  A swamp dragon (Lair:6)
  A lindwurm (Lair:6)
  An orc sorcerer (Orc:1)
  An orb spider (Lair:4)
  An ugly thing (D:12)
  A deep elf mage (D:11)
  Joseph (D:8)
  7 elephants
  Maurice (Orc:1)
  5 torpor snails (Lair:6)
  Maggie (D:6)
  3 gargoyles
  14 cane toads
  A rime drake (Lair:5)
  10 komodo dragons
  A troll (Orc:1)
  8 hornets
  Prince Ribbit (D:6)
  Grinder (D:6)
  4 tyrant leeches (Lair:6)
  12 blink frogs
  Sigmund (D:6)
  39 yaks
  6 wyverns
  A wraith (D:10)
  3 basilisks
  2 vampire mosquitoes (D:12)
  3 steam dragons (Lair:6)
  Edmund (D:6)
  3 wargs (Orc:1)
  9 water moccasins
  4 swamp drakes
  Purgy (Sewer)
  24 orc warriors
  2 ice beasts
  A sky beast (D:10)
  5 black bears
  9 ogres
  A phantom (D:6)
  11 wolves
  4 centaurs
  2 lemures (D:7)
  A big kobold (D:9)
  21 bullfrogs
  A water moccasin zombie (D:6)
  6 scorpions
  10 killer bees
  3 howler monkeys (D:11)
  3 wights (D:10)
  An electric eel (Lair:1)
  4 bullfrog zombies
  2 centaur zombies
  10 hounds
  A quasit (D:9)
  A gnoll shaman (D:9)
  7 orc priests
  4 bullfrog skeletons
  19 orc wizards
  Terence (D:2)
  9 iguanas
  12 worker ants
  A hound skeleton (D:9)
  A worker ant zombie (D:4)
  A howler monkey skeleton (D:6)
  4 gnolls (D:9)
  14 adders
  2 river rats (D:5)
  A shadow imp (D:9)
  5 white imps
  An ufetubus (D:10)
  4 oozes
  5 adder skeletons
  5 worms
  2 dart slugs
  3 leopard geckos
  85 orcs
  4 giant cockroaches
  8 goblins
  8 hobgoblins
  4 jackals
  6 quokkas
  4 ball pythons
  A ball python skeleton (D:5)
  5 bats
  6 frilled lizards
  A giant cockroach zombie (D:5)
  A jackal zombie (D:5)
  17 kobolds
  A leopard gecko skeleton (D:7)
  6 rats
566 creatures vanquished.

Vanquished Creatures (others)
  90 fungi
  99 plants
  6 withered plants (Lair:6)
195 creatures vanquished.

Grand Total: 761 creatures vanquished

Notes
Turn   | Place    | Note
-------+----------+-------------------------------------------
     0 | D:1      | marklar909 the Formicid Earth Elementalist began the quest
                  | for the Orb.
     0 | D:1      | Reached XP level 1. HP: 13/13 MP: 3/3
   320 | D:1      | Reached XP level 2. HP: 19/19 MP: 0/5
   559 | D:1      | Reached XP level 3. HP: 15/24 MP: 1/7
  1561 | D:2      | Reached XP level 4. HP: 30/30 MP: 6/9
  1661 | D:2      | Found a broken altar of Ashenzari.
  1938 | D:2      | Noticed Terence
  2211 | D:2      | Learned a level 3 spell: Stone Arrow
  2413 | D:2      | Killed Terence
  2413 | D:2      | Reached XP level 5. HP: 35/35 MP: 0/10
  2834 | D:3      | Found a radiant altar of Vehumet.
  3032 | D:3      | Found a snail-covered altar of Cheibriados.
  3495 | D:4      | Found Wirowy's Assorted Antiques.
  3524 | D:4      | Reached skill level 5 in Earth Magic
  3673 | D:4      | Noticed an ogre
  3679 | D:4      | Killed an ogre
  3679 | D:4      | Reached XP level 6. HP: 42/42 MP: 8/13
  3881 | D:4      | Found Onasiguu's Book Boutique.
  4277 | D:4      | Got a heavily runed ring mail
  4278 | D:4      | Identified the +2 ring mail of Pynn {rF+ Str+5 Int+5} (You
                  | found it on level 4 of the Dungeon)
  4490 | D:5      | Entered Level 5 of the Dungeon
  4570 | D:5      | Reached skill level 1 in Axes
  4589 | D:5      | Found a glowing drain.
  4597 | Sewer    | Entered a sewer
  4676 | Sewer    | Reached XP level 7. HP: 47/47 MP: 14/14
  4725 | Sewer    | Noticed Purgy
  4734 | Sewer    | Killed Purgy
  4734 | Sewer    | Reached skill level 1 in Armour
  4734 | Sewer    | Reached skill level 5 in Spellcasting
  4847 | D:5      | Reached skill level 1 in Conjurations
  4857 | D:5      | Reached skill level 1 in Fighting
  5453 | D:5      | You fall into a shaft and drop 3 floors!
  5453 | D:8      | Found a flagged portal.
  5472 | Bailey   | Entered a bailey
  5504 | Bailey   | Reached XP level 8. HP: 39/54 MP: 0/15
  5787 | Bailey   | Noticed an orc knight
  6587 | Bailey   | Noticed an orc knight
  7653 | Bailey   | Learned a level 4 spell: Petrify
  7659 | Bailey   | Learned a level 5 spell: Lee's Rapid Deconstruction
  9080 | Bailey   | Killed an orc knight
  9332 | Bailey   | Killed an orc knight
  9332 | Bailey   | Reached XP level 9. HP: 59/59 MP: 0/18
 10255 | D:7      | Noticed Pikel
 10309 | D:7      | Killed Pikel
 10457 | D:7      | Reached XP level 10. HP: 67/67 MP: 8/21
 10627 | D:7      | Found a staircase to the Ecumenical Temple.
 11224 | D:5      | Noticed a two-headed ogre
 11271 | D:5      | Killed a two-headed ogre
 11271 | D:5      | Reached skill level 5 in Shields
 11863 | D:6      | Noticed Edmund
 11867 | D:6      | Noticed Grinder
 11868 | D:6      | Killed Edmund
 11907 | D:6      | Killed Grinder
 12046 | D:6      | Noticed Maggie
 12079 | D:6      | Killed Maggie
 12079 | D:6      | Reached skill level 5 in Conjurations
 12314 | D:6      | Noticed Prince Ribbit
 12325 | D:6      | Killed Prince Ribbit
 12325 | D:6      | Reached skill level 1 in Polearms
 12391 | D:6      | Found Boesuokk's Assorted Antiques.
 12758 | D:6      | Noticed Sigmund
 12768 | D:6      | Killed Sigmund
 12768 | D:6      | Reached XP level 11. HP: 56/72 MP: 7/23
 13088 | D:7      | Noticed Harold
 13092 | Temple   | Entered the Ecumenical Temple
 13240 | Temple   | Became a worshipper of the Shining One
 13291 | D:7      | Killed Harold
 13291 | D:7      | Reached skill level 5 in Armour
 13453 | D:7      | Found a blossoming altar of Fedhas.
 14063 | D:8      | Found a white marble altar of Elyvilon.
 14420 | D:8      | Noticed Joseph
 14432 | D:8      | Killed Joseph
 14562 | D:8      | Found an opulent altar of Gozag.
 14677 | D:8      | Found a shimmering blue altar of Sif Muna.
 14741 | D:8      | Learned a level 3 spell: Frozen Ramparts
 15075 | D:9      | Noticed Gastronok
 15085 | D:9      | Killed Gastronok
 15085 | D:9      | Reached skill level 1 in Evocations
 15261 | D:9      | Noticed a two-headed ogre
 15293 | D:9      | Killed a two-headed ogre
 15293 | D:9      | Reached skill level 10 in Earth Magic
 15343 | D:9      | Reached * piety under the Shining One
 15350 | D:9      | Reached skill level 5 in Polearms
 16205 | D:10     | Entered Level 10 of the Dungeon
 16286 | D:10     | Reached XP level 12. HP: 76/82 MP: 25/25
 16339 | D:10     | Reached ** piety under the Shining One
 16623 | D:10     | Found a staircase to the Lair.
 16841 | D:10     | Found a blossoming altar of Fedhas.
 17231 | D:10     | Reached *** piety under the Shining One
 17387 | Lair:1   | Entered Level 1 of the Lair of Beasts
 18275 | Lair:2   | Reached skill level 5 in Fighting
 18694 | Lair:2   | Reached XP level 13. HP: 91/91 MP: 26/26
 19056 | Lair:3   | Noticed a catoblepas
 19082 | Lair:3   | Killed a catoblepas
 19249 | Lair:3   | Found a staircase to the Swamp.
 19439 | Lair:3   | Noticed a four-headed hydra
 19450 | Lair:3   | Killed a four-headed hydra
 19516 | Lair:3   | Noticed Fannar
 19529 | Lair:3   | Killed Fannar
 19720 | Lair:3   | Noticed a six-headed hydra
 19729 | Lair:3   | Killed a six-headed hydra
 19867 | Lair:3   | Noticed Nergalle
 19880 | Lair:3   | Killed Nergalle
 20049 | Lair:3   | Reached skill level 5 in Dodging
 20642 | Lair:4   | Noticed a four-headed hydra
 20830 | Lair:3   | Reached skill level 10 in Shields
 21312 | Lair:3   | Killed a four-headed hydra
 21335 | Lair:3   | Reached skill level 1 in Ice Magic
 21788 | Lair:4   | Found a hole to the Spider Nest.
 21905 | Lair:4   | Noticed Nessos
 21937 | Lair:4   | Killed Nessos
 22346 | Lair:5   | Noticed a six-headed hydra
 22356 | Lair:5   | Killed a six-headed hydra
 22411 | Lair:5   | Found a staircase to the Slime Pits.
 22437 | Lair:5   | Reached XP level 14. HP: 101/101 MP: 14/27
 22901 | Lair:5   | Reached **** piety under the Shining One
 22906 | Lair:5   | Reached skill level 10 in Spellcasting
 24297 | Lair:6   | Entered Level 6 of the Lair of Beasts
 25023 | Lair:6   | Found a runed translucent gate.
 25023 | Lair:6   | Found a runed translucent gate.
 25023 | Lair:6   | Found a runed translucent gate.
 25046 | Lair:6   | Noticed jiml777's ghost (journeyman DEAE)
 25046 | Lair:6   | Noticed ArthosElwyn's ghost (journeyman HOBe)
 25233 | Lair:6   | Reached skill level 10 in Polearms
 25870 | Lair:6   | Found a runed translucent door.
 26133 | Lair:6   | Reached XP level 15. HP: 98/112 MP: 25/29
 26525 | D:11     | Found Sauwnoer's Assorted Antiques.
 26577 | D:11     | Bought a blue potion for 27 gold pieces
 26577 | D:11     | Bought a scroll labeled BAIT JYVOSMOI for 30 gold pieces
 26577 | D:11     | Bought a sapphire potion for 27 gold pieces
 26688 | D:11     | Found a shadowy altar of Dithmenos.
 26689 | D:11     | Reached ***** piety under the Shining One
 26885 | D:11     | Reached skill level 5 in Transmutations
 26972 | D:11     | Identified a scroll of acquirement
 27005 | D:12     | Found a portal to a secret trove of treasure.
 27014 | D:12     | Reached skill level 5 in Ice Magic
 27128 | D:12     | Noticed Enluruva's ghost (journeyman SpVM)
 27129 | D:12     | Found a transporter.
 27223 | D:12     | Found a transporter.
 27313 | D:12     | Found a staircase to the Orcish Mines.
 27865 | Orc:1    | Entered Level 1 of the Orcish Mines
 27978 | Orc:1    | Found Tizor's Weapon Emporium.
 27979 | Orc:1    | Noticed an orc warlord
 27996 | Orc:1    | Noticed Maurice
 28157 | D:12     | Killed an orc warlord
 28286 | Orc:1    | Killed Maurice
 28607 | Orc:1    | Noticed Snorg
 28638 | Orc:1    | HP: 5/114 [hellwing[an orc high priest] (4)]
 28638 | Orc:1    | Slain by Snorg

Illustrated notes

Levels and vault maps discovered:
D:1:      nagdon_arrival_zigzag_paths, layout_basic, supply_closet_lemuel,
          minmay_misc_feat_cross
D:2:      layout_loops_cross, ashenzari_altar_1, uniq_terence
D:3:      layout_basic, vehumet_crystals, nicolae_overflow_crystal_walls
D:4:      layout_basic, serial_shops, shop, shop
D:5:      layout_gridville, lightli_sewer_entry_pipes
D:6:      layout_cave_pods, serial_shops, nicolae_shop_crystal, uniq_maggie,
          uniq_prince_ribbit1, uniq_grinder, uniq_edmund, uniq_sigmund
D:7:      layout_loops_ring, minmay_temple_entry_slanted, basic_altar,
          serial_rivers, chequers_serial_rivers_small_a,
          chequers_serial_rivers_large_b, chequers_serial_rivers_small_b,
          chequers_serial_rivers_marsh, chequers_serial_rivers_micro_d,
          chequers_serial_rivers_small_3, uniq_pikel, uniq_harold
D:8:      layout_loops_cross, led_sif_book, kennysheep_mini, enter_bailey_2,
          elyvilon_altar_1, uniq_joseph
D:9:      layout_irregular_city, grunt_ministairs_15, uniq_gastronok
D:10:     layout_roguey, due_lair_maze_entry_diamond, fedhas_altar_1
D:11:     layout_cave_pools, serial_shops, shop,
          grunt_dithmenos_smoke_and_mirrors
D:12:     layout_roguey, erik_orc_1, gammafunk_ghost_mausoleum,
          nicolae_trove_entry_crossroad, grunt_decor_one_mirror,
          grunt_decor_arrowhead
Temple:   minmay_crystal_spiral_temple
Lair:1:   layout_regular_city, eino_small_chamber_without_monster,
          nicolae_quartered_pool_little, grunt_megastairs_5,
          serial_bayou_shore_b
Lair:2:   layout_chaotic_city, infiniplex_staircase_pool_2
Lair:3:   layout_layer_cave, swamp_mist, uniq_nergalle, uniq_fannar
Lair:4:   layout_regular_city, nicolae_spider_entry_orb_guardian,
          chequers_serial_rivers_micro_a, chequers_serial_rivers_micro_d,
          uniq_nessos
Lair:5:   layout_gridlike, slime_dummy, st_stairs_6, grunt_megastairs_1
Lair:6:   wormcave, layout_regular_city, guppyfry_lair_end_dragon,
          gammafunk_ghost_cemetery
Orc:1:    layout_caves, serial_shops, nicolae_shop_waterfront, uniq_snorg,
          uniq_maurice

Skill      XL: |  1  2  3  4  5  6  7  8  9 10 11 12 13 14 15 |
---------------+----------------------------------------------+-----
Earth Magic    | 4 5 6 7 8 9 10 11 | 11.4
Dodging        | 2 3 4 5 6 |  6.0
Spellcasting   | 3 4 5 6 7 8 9 10 | 10.5
Stealth        | 3 4 |  4.8
Axes           | 1 2 3 |  3.5
Armour         | 2 3 4 6 7 |  7.6
Conjurations   | 1 3 5 6 7 |  7.2
Fighting       | 1 2 3 5 6 8 9 |  9.4
Shields        | 3 4 5 6 8 10 11 | 11.3
Polearms       | 2 5 8 9 10 | 10.9
Evocations     | 1 2 |  2.0
Ice Magic      | 2 4 5 |  5.3
Transmutations | 4 5 |  5.7

Action                   |  1- 3 |  4- 6 |  7- 9 | 10-12 | 13-15 || total
-------------------------+-------+-------+-------+-------+-------++-------
Melee: Unarmed           |     3 |     2 |       |       |       ||     5
       Hand axe          |       |    45 |    58 |     6 |       ||   109
       Lance             |       |       |       |   600 |   847 ||  1447
 Cast: Sandblast         |    38 |    97 |    15 |     5 |    31 ||   186
       Stone Arrow       |       |     3 |   170 |   122 |   162 ||   457
       Frozen Ramparts   |       |       |       |       |    18 ||    18
       Lee's Rapid Decon |       |       |       |       |     5 ||     5
 Abil: Dig               |       |       |    13 |     1 |     2 ||    16
Evoke: Lightning rod     |       |       |       |     4 |     8 ||    12
       Wand              |       |       |       |     4 |     5 ||     9
  Use: Scroll            |       |    11 |       |    14 |    12 ||    37
       Potion            |       |       |       |       |     1 ||     1
 Stab: Sleeping          |       |     3 |       |     2 |       ||     5
Armor: Robe              |     1 |     9 |       |       |       ||    10
       Ring mail         |       |     5 |    45 |   162 |   249 ||   461
       Scale mail        |       |     5 |       |       |       ||     5
Dodge: Dodged            |    10 |    67 |    79 |   145 |   213 ||   514
Block: Kite shield       |       |       |    14 |    88 |       ||   102
       Tower shield      |       |       |       |   234 |   704 ||   938

Table legend: (Time is in decaauts)
 A = Elapsed time spent in this place.
 B = Non-inter-level travel time spent in this place.
 C = Inter-level travel time spent in this place.
 D = Time resting spent in this place.
 E = Time spent auto-exploring this place.
 F = Levels seen in this place.
 G = Mean time per level.
                   A        B        C        D        E       F      G
               +--------+--------+--------+--------+--------+-----+--------+
         Total |  28387 |  26480 |   1907 |   4002 |  16508 |  22 | 1290.3 |
       Dungeon |  14645 |  13654 |    991 |   1444 |   9667 |  12 | 1220.4 |
        Temple |    179 |     43 |    136 |      0 |     42 |   1 |  179.0 |
          Lair |   8780 |   8000 |    780 |    975 |   5737 |   6 | 1463.3 |
  Orcish Mines |    347 |    347 |      0 |      0 |    188 |   1 |  347.0 |
         Sewer |    214 |    214 |      0 |      0 |    157 |   1 |  214.0 |
        Bailey |   4219 |   4219 |      0 |   1583 |    717 |   1 | 4219.0 |
               +--------+--------+--------+--------+--------+-----+--------+

Top non-repeatable levels by time:
  Bailey: 4219 daAuts
  Lair:3: 2567 daAuts
  Lair:6: 1886 daAuts
     D:7: 1604 daAuts
     D:5: 1603 daAuts
  Lair:5: 1576 daAuts
     D:1: 1479 daAuts
     D:9: 1434 daAuts
     D:6: 1323 daAuts
     D:2: 1303 daAuts
     D:8: 1300 daAuts
    D:12: 1198 daAuts
    D:10: 1191 daAuts
     D:4: 1056 daAuts
  Lair:4: 1051 daAuts
